 Dungeon Crawl Stone Soup version 0.28.0-49-g6dfe1f597d (webtiles) character file.

Game seed: 11488109819176195038

203 Zeld the Insei (level 5, 0/35 HPs)
             Began as an Octopode Transmuter on May 11, 2022.
             Slain by a scorpion zombie (7 damage)
             ... on level 3 of the Dungeon.
             The game lasted 00:03:12 (3206 turns).

Zeld the Insei (Octopode Transmuter)                Turns: 3206, Time: 00:03:12

Health: 0/35       AC:  1    Str: 11    XL:     5   Next: 81%
Magic:  8/9        EV: 13    Int: 21    God:
Gold:   154        SH:  0    Dex: 13    Spells: 4/10 levels left

rFire   . . .      SeeInvis .     - Unarmed
rCold   . . .      Faith    .   (no shield)
rNeg    . . .      Spirit   .   (helmet currently unavailable)
rPois   .          Reflect  .   (no amulet)
rElec   .          Harm     .   g - +6 ring of intelligence
rCorr   .          Rampage  .   (no ring)
Will    .....                   (no ring)
Stlth   +++.......              (no ring)
HPRegen 0.11/turn               (no ring)
MPRegen 0.11/turn               (no ring)
                                (no ring)
                                (no ring)

@: appendages
A: tentacle spike 3, almost no armour, amphibious, 8 rings, camouflage 1,
gelatinous body 1, (nimble swimmer 1), tentacles
a: End Transformation


You were on level 3 of the Dungeon.
One of your tentacles had grown a beastly spike.
You visited 1 branch of the dungeon, and saw 3 of its levels.

You collected 154 gold pieces.

Inventory:

Jewellery
 g - a +6 ring of intelligence (left tentacle)
Wands
 e - a wand of flame (9)
Scrolls
 c - 2 scrolls of teleportation {unknown}
 d - a scroll of identify {unknown}
 h - a scroll of magic mapping {unknown}
Potions
 a - a potion of resistance {unknown}
 b - 3 potions of curing {unknown}
 f - a potion of berserk rage {unknown}


   Skills:
 * Level 2.6 Fighting
 + Level 2.5 Dodging
 + Level 2.0 Stealth
 + Level 3.5 Unarmed Combat
 * Level 3.0 Spellcasting
 * Level 3.1 Transmutations
 + Level 1.4 Poison Magic


You had 4 spell levels left.
You knew the following spells:

 Your Spells              Type           Power      Damage    Failure   Level
a - Beastly Appendage     Tmut           32%        N/A       3%          1
b - Wereblood             Tmut           16%        N/A       5%          2
c - Spider Form           Tmut/Pois      12%        N/A       16%         3

Your spell library contained the following spells:

 Spells                   Type           Power      Damage    Failure   Level
 Ensorcelled Hibernation  Hex/Ice        6%         N/A       21%         2
 Ignite Poison            Fire/Tmut/Pois 9%         N/A       22%         3
 Conjure Flame            Conj/Fire      3%         6-21      36%         3
 Ice Form                 Ice/Tmut       9%         N/A       56%         4
 Anguish                  Hex/Necr       1%         N/A       78%         4
 Sticky Flame             Conj/Fire      3%         2d3       78%         4


Dungeon Overview and Level Annotations

Branches:
Dungeon (3/15)

Altars:
Xom

Annotations:
D:2 1 runed translucent door, Crazy Yiuf, Terence


Innate Abilities, Weirdness & Mutations

One of your tentacles has grown a beastly spike.
You cannot wear most types of armour.
You are amphibious.
You can wear up to eight rings at the same time.
Your skin changes colour to match your surroundings (Stealth+).
Your rubbery body absorbs attacks. (AC +1, EV +1)
((You are camouflaged when in or above water. (Stealth+)))
You have tentacles for arms and can constrict up to eight enemies at once.


Message History

Your Stealth skill increases to level 2!
You closely miss the adder. Your grab misses the adder.
Your tentacle spike misses the adder.
Your tentacle spike disappears.
The adder misses you.
You closely miss the adder. Your grab misses the adder. You squeeze the adder!
You kill the adder!
You barely miss the ball python. Your grab misses the ball python.
The ball python misses you. The ball python grabs you.
The ball python constricts you.
You tentacle-slap the ball python.
You kill the ball python!
Your Spellcasting skill increases to level 3!
Casting: Beastly Appendage (safe; 3% risk of failure)
Confirm with . or Enter, or press ? or * to list all spells.
One of your tentacles grows a vicious spike.
The rat closely misses you.
You tentacle-slap the rat.
You kill the rat!
You tentacle-slap the scorpion zombie. You grab the scorpion zombie.
You pierce the scorpion zombie.
The scorpion zombie is lightly damaged.
You constrict the scorpion zombie. The scorpion zombie closely misses you.
You tentacle-slap the scorpion zombie but do no damage.
You pierce the scorpion zombie.
The scorpion zombie is moderately damaged.
You constrict the scorpion zombie. The scorpion zombie hits you.
* * * LOW HITPOINT WARNING * * *
You tentacle-slap the scorpion zombie.
The scorpion zombie is moderately damaged.
You constrict the scorpion zombie. The scorpion zombie hits you.
* * * LOW HITPOINT WARNING * * *
You tentacle-slap the scorpion zombie but do no damage.
You pierce the scorpion zombie.
The scorpion zombie is heavily damaged.
You constrict the scorpion zombie. The scorpion zombie barely misses you.
You bludgeon the scorpion zombie!
You pierce the scorpion zombie.
The scorpion zombie is almost destroyed.
You constrict the scorpion zombie. The scorpion zombie hits you!
You die...

.# .# .# ##.# #..# ...#
#..# #########..# #####..#
#..†Z......# (.....#
#Z#######.## . #....# #@#
#.# . ##....####.## #S# ..
#...........######S######.o
#.....†............r.SS.Z§≈
#..##.##.............r..≈≈J
# #.##....######.....#§K☼
#.##.#..# ####..#≈..
..##.#..# #.. ....#≈.≈
.###.#..####.####..#§≈≈


You could see a scorpion zombie.

Vanquished Creatures
  Jessica (D:2)
  6 gnolls
  6 adders
  2 worms
  2 dart slugs
  An orc (D:3)
  2 ball pythons
  6 endoplasms
  A giant cockroach (D:3)
  4 goblins
  4 hobgoblins
  5 jackals
  7 bats
  6 frilled lizards
  3 kobolds
  6 rats
62 creatures vanquished.

Vanquished Creatures (others)
  An orc (D:3)
  2 rats (D:3)
3 creatures vanquished.

Grand Total: 65 creatures vanquished

Notes
Turn   | Place    | Note
-------+----------+-------------------------------------------
     0 | D:1      | Zeld the Octopode Transmuter began the quest for the Orb.
     0 | D:1      | Reached XP level 1. HP: 13/13 MP: 3/3
   261 | D:1      | Reached XP level 2. HP: 14/18 MP: 3/5
   286 | D:1      | Learned a level 2 spell: Wereblood
   505 | D:1      | Reached skill level 1 in Stealth
   886 | D:2      | Reached XP level 3. HP: 18/23 MP: 4/6
   890 | D:2      | Learned a level 3 spell: Spider Form
  1303 | D:2      | Noticed Terence
  1354 | D:2      | Reached XP level 4. HP: 29/29 MP: 3/7
  1922 | D:2      | Noticed Jessica
  1929 | D:2      | Killed Jessica
  1930 | D:2      | Reached skill level 1 in Poison Magic
  1930 | D:2      | Reached XP level 5. HP: 32/34 MP: 4/9
  2222 | D:2      | Found a runed translucent door.
  2223 | D:2      | Noticed Crazy Yiuf
  3168 | D:3      | Found a shimmering altar of Xom.
  3206 | D:3      | Slain by a scorpion zombie

Illustrated notes

Levels and vault maps discovered:
D:1:      dpeg_arrival_more_subterranean_lakeside_camping, layout_rooms,
          serial_bayou_ford_a
D:2:      layout_loops_ring, minmay_misc_feat_square, nrook_uturn, uniq_jessica,
          uniq_terence, uniq_crazy_yiuf_cottage
D:3:      layout_loops_ring, xom_confusion_cloud

Skill      XL: |  1  2  3  4  5 |
---------------+----------------+-----
Stealth        | 1 2 |  2.0
Fighting       | 2 |  2.6
Poison Magic   | 1 |  1.4
Transmutations | 3 |  3.1
Spellcasting   | 3 |  3.0
Dodging        | |  2.5
Unarmed Combat | |  3.5

Action                   |  1- 3 |  4- 6 || total
-------------------------+-------+-------++-------
Melee: Unarmed           |    61 |    71 ||   132
       Constrict         |    20 |    12 ||    32
       Kick              |    19 |    15 ||    34
       Tentacles         |    11 |     9 ||    20
       Punch             |     2 |     2 ||     4
 Cast: Beastly Appendage |    19 |    14 ||    33
       Spider Form       |     1 |     2 ||     3
 Stab: Sleeping          |     6 |     6 ||    12
Armor: Skin              |     6 |     2 ||     8
Dodge: Dodged            |    36 |    45 ||    81
